 Dungeon Crawl Stone Soup version 0.25.1-2-g60ff931df9 (webtiles) character file.

Game seed: 7432998279937683520

604905 Ijustatesigmund the Halfling Aeon (level 27, -23/186 HPs)
             Began as a Halfling Hunter on Sept 16, 2020.
             Was the Champion of Cheibriados.
             Annihilated by a phantasmal warrior (24 damage)
             ... while paralysed by a vampire knight
             ... on level 2 of the Crypt on Sept 17, 2020.
             The game lasted 03:32:17 (58699 turns).

Ijustatesigmund the Halfling Aeon (HaHu)           Turns: 58699, Time: 03:32:20

Health: -23/186    AC: 32    Str: 33    XL:     27
Magic:  38/38      EV:  3    Int: 23    God:    Cheibriados [******]
Gold:   6695       SH:  0    Dex: 51    Spells: 18/26 levels left

rFire    + + +     SeeInvis +   a - +8 fustibalus of Severance {vorpal, Str+5}
rCold    . . .     Gourm    .   L - +3 buckler {AC+3}
rNeg     + + .     Faith    .   c - +5 ring mail of Fedhas's Scorn {rF+++ Int-3 Dex+7}
rPois    .         Spirit   .   V - +1 helmet {SInv}
rElec    .         Reflect  .   i - scarf {repulsion}
rCorr    .         Harm     .   x - +0 pair of fencer's gloves {Riposte Dex+3}
MR       +....                  h - +0 pair of boots of an ice cave {rN++}
Stlth    ++++++++..             A - amulet of regeneration
HPRegen  0.81/turn              t - +4 ring of evasion
MPRegen  0.26/turn              J - ring of Robustness {AC+8}

@: paralysed, vulnerable, repel missiles, very slow
A: small, mutation resistance 1
}: 3/15 runes: serpentine, barnacled, silver
a: Bend Time, Temporal Distortion, Slouch, Step From Time, Renounce Religion


You were on level 2 of the Crypt.
You worshipped Cheibriados.
Cheibriados was exalted by your worship.
You were not hungry.

You visited 11 branches of the dungeon, and saw 48 of its levels.
You visited the Abyss 1 time.
You also visited: Bailey.

You collected 14964 gold pieces.
You spent 8269 gold pieces at shops.

Inventory:

Hand Weapons
 a - the +8 fustibalus of Severance (weapon) {vorpal, Str+5}
   (You acquired it on level 12 of the Dungeon)

   Any stone fired from it inflicts extra damage.
   It affects your strength (+5).
 b - a +9 hunting sling
 j - a +9 rapier of flaming
Missiles
 e - 463 stones
 p - 28 curare-tipped darts
 C - 21 throwing nets
 G - 133 sling bullets (quivered)
Armour
 c - the +5 ring mail of Fedhas's Scorn (worn) {rF+++ Int-3 Dex+7}
   (You bought it in a shop on level 13 of the Dungeon)

   It affects your intelligence (-3).
   It affects your dexterity (+7).
   It renders you almost immune to fire.
 h - the +0 pair of boots of an ice cave (worn) {rN++}
   (You acquired it on level 6 of the Lair of Beasts)

   It greatly protects you from negative energy.
 i - a scarf of repulsion (worn)
 x - the +0 pair of fencer's gloves (worn) {Riposte Dex+3}
   (You found it on level 2 of the Depths)

   It affects your dexterity (+3).
 L - a +3 buckler of protection (worn)
 V - a +1 helmet of see invisible (worn)
Jewellery
 g - an uncursed ring of protection from cold
 t - a +4 ring of evasion (left hand)
 A - an amulet of regeneration (around neck)
 I - the ring of Poirom {*Corrode rF+ rC+ Str+3 Slay+3}
   (You bought it in a shop on level 1 of the Depths)

   [ring of protection from fire]

   It affects your strength (+3).
   It affects your accuracy and damage with ranged weapons and melee attacks
   (+3).
   It protects you from fire.
   It protects you from cold.
   It may corrode you when you take damage.
 J - the ring of Robustness (right hand) {AC+8}
   (You took it off a deep elf sorcerer on level 3 of the Elven Halls)

   [ring of protection]

   It affects your AC (+8).
 O - an uncursed ring of resist corrosion
 P - the amulet "Esauw" {Acrobat rN+++ Dex+7 Stlth-}
   (You took it off a deep elf death mage on level 3 of the Elven Halls)

   [amulet of the acrobat]

   It helps you evade while moving and waiting.
   It affects your dexterity (+7).
   It renders you almost immune to negative energy.
   It makes you less stealthy.
 Q - the ring of Lyadd {MP+9 Int+4 SInv Stlth+}
   (You bought it in a shop on level 13 of the Dungeon)

   [ring of magical power]

   It affects your intelligence (+4).
   It affects your magic capacity (+9).
   It lets you see invisible.
   It makes you more stealthy.
 X - the ring "Wucoosesch" {rElec rF+ Dex+3 SInv}
   (You bought it in a shop on level 3 of the Snake Pit)

   [ring of see invisible]

   It affects your dexterity (+3).
   It protects you from fire.
   It insulates you from electricity.
   It lets you see invisible.
Wands
 m - a wand of acid (37)
 s - a wand of iceblast (24)
 w - a wand of enslavement (16)
 z - a wand of digging (11)
 B - a wand of clouds (5)
Scrolls
 k - 6 scrolls of immolation
 l - 15 scrolls of teleportation
 q - 8 scrolls of fear
 y - a scroll of magic mapping
 K - 10 scrolls of remove curse
 R - 3 scrolls of holy word
 S - a scroll of enchant weapon
 T - a scroll of amnesia
 U - 3 scrolls of blinking
 W - 14 scrolls of identify
 Z - 7 scrolls of fog
Potions
 n - 7 potions of heal wounds
 r - 7 potions of lignification
 u - 6 potions of brilliance
 v - 2 potions of resistance
 D - 12 potions of flight
 E - 2 potions of magic
 F - 11 potions of stabbing
 H - 9 potions of might
 M - 12 potions of curing
 N - a potion of invisibility
 Y - 2 potions of cancellation
Miscellaneous
 d - 2 phantom mirrors
Comestibles
 f - 96 rations


   Skills:
 + Level 15.1 Fighting
 + Level 17.7 Short Blades
 - Level 20.9 Slings
 - Level 20.1 Armour
 - Level 22.2 Dodging
 - Level 15.2 Stealth
 - Level 13.3 Shields
 - Level 7.1 Hexes
 - Level 5.8 Charms
 - Level 6.4 Translocations
 + Level 23.7 Invocations
 - Level 10.6 Evocations


You had 18 spell levels left.
You knew the following spells:

 Your Spells              Type           Power        Failure   Level  Hunger
a - Apportation           Tloc           ####..       1%          1    ##.....
b - Blink                 Tloc           N/A          1%          2    ###....
c - Song of Slaying       Chrm           ####....     2%          2    ###....
d - Portal Projectile     Hex/Tloc       ####..       3%          3    ####...

Your spell library contained the following spells:

 Spells                   Type           Power        Failure   Level  Hunger
 Corona                   Hex            ####...      1%          1    ##.....
 Infusion                 Chrm           ####         1%          1    ##.....
 Slow                     Hex            ####....     1%          2    ###....
 Shroud of Golubria       Chrm/Tloc      ####..       2%          2    ###....
 Confusing Touch          Hex            ####....     3%          3    ####...
 Spectral Weapon          Hex/Chrm       ####....     3%          3    ####...
 Tukima's Dance           Hex            ####....     3%          3    ####...
 Gell's Gravitas          Tloc           ####......   4%          3    ####...
 Lesser Beckoning         Tloc           ####......   4%          3    ####...
 Teleport Other           Tloc           ####....     4%          3    ####...
 Ensorcelled Hibernation  Hex/Ice        ###...       6%          2    ###....
 Swiftness                Chrm/Air       ##......     9%          2    ###....
 Cause Fear               Hex            ####......   10%         4    #####..
 Inner Flame              Hex/Fire       ###.....     13%         3    ####...
 Summon Guardian Golem    Hex/Summ       ###.....     13%         3    ####...
 Passage of Golubria      Tloc           N/A          13%         4    #####..
 Recall                   Summ/Tloc      N/A          16%         3    ####...
 Ozocubu's Armour         Chrm/Ice       ##......     17%         3    ####...
 Animate Skeleton         Necr           N/A          19%         1    ##.....
 Beastly Appendage        Tmut           #.....       19%         1    ##.....
 Foxfire                  Conj/Fire      #...         19%         1    ##.....
 Freeze                   Ice            #...         19%         1    ##.....
 Magic Dart               Conj           #...         19%         1    ##.....
 Summon Butterflies       Summ           #.......     19%         1    ##.....
 Summon Small Mammal      Summ           #...         19%         1    ##.....
 Call Imp                 Summ           #.......     28%         2    ###....
 Corpse Rot               Necr/Air       N/A          28%         2    ###....
 Passwall                 Tmut/Erth      #.......     28%         2    ###....
 Poisonous Vapours        Pois/Air       #.....       28%         2    ###....
 Sticks to Snakes         Tmut           #.......     28%         2    ###....
 Fulminant Prism          Conj/Hex       ###.......   38%         4    #####..
 Leda's Liquefaction      Hex/Erth       ###.......   38%         4    #####..
 Call Canine Familiar     Summ           #.......     50%         3    ####...
 Conjure Flame            Conj/Fire      #.......     50%         3    ####...
 Frozen Ramparts          Ice            #.....       50%         3    ####...
 Mephitic Cloud           Conj/Pois/Air  #.......     50%         3    ####...
 Spider Form              Tmut/Pois      #.........   50%         3    ####...
 Static Discharge         Conj/Air       #.......     50%         3    ####...
 Stone Arrow              Conj/Erth      #.....       50%         3    ####...
 Metabolic Englaciation   Hex/Ice        ###.......   75%         5    ######.
 Silence                  Hex/Air        ###.......   75%         5    ######.
 Summon Mana Viper        Hex/Summ       ###.....     75%         5    ######.
 Yara's Violent Unravell  Hex/Tmut       ###.......   75%         5    ######.
 Summon Forest            Summ/Tloc      ##........   80%         5    ######.
 Iskenderun's Battlesphe  Conj/Chrm      ##......     83%         5    ######.
 Darkness                 Hex            ####......   83%         6    #######
 Invisibility             Hex            ####....     83%         6    #######
 Hailstorm                Conj/Ice       #.......     88%         4    #####..
 Ice Form                 Ice/Tmut       #.......     88%         4    #####..
 Petrify                  Tmut/Erth      #.......     88%         4    #####..
 Sticky Flame             Conj/Fire      #.......     88%         4    #####..
 Summon Ice Beast         Ice/Summ       #.......     88%         4    #####..
 Summon Lightning Spire   Summ/Air       #.......     88%         4    #####..
 Alistair's Intoxication  Tmut/Pois      #.......     99%         5    ######.
 Aura of Abjuration       Summ           #.........   99%         5    ######.
 Blade Hands              Tmut           #.........   99%         5    ######.
 Bolt of Magma            Conj/Fire/Erth #.........   99%         5    ######.
 Fireball                 Conj/Fire      #.........   99%         5    ######.
 Irradiate                Conj/Tmut      #.........   99%         5    ######.
 Lee's Rapid Deconstruct  Erth           #.........   99%         5    ######.
 Lightning Bolt           Conj/Air       #.........   99%         5    ######.
 Summon Demon             Summ           #.........   99%         5    ######.
 Eringya's Noxious Bog    Tmut/Pois      #.........   100%        6    #######
 Freezing Cloud           Conj/Ice/Air   #.........   100%        6    #######
 Hydra Form               Tmut           #.........   100%        6    #######
 Iron Shot                Conj/Erth      #.........   100%        6    #######
 Shadow Creatures         Summ           N/A          100%        6    #######
 Statue Form              Tmut/Erth      #........    100%        6    #######
 Dragon Form              Tmut           #.........   100%        7    #######
 Orb of Destruction       Conj           #.........   100%        7    #######
 Ring of Flames           Chrm/Fire      ##........   100%        7    #######
 Spellforged Servitor     Conj/Summ      #.........   100%        7    #######
 Summon Hydra             Summ           #.........   100%        7    #######
 Ignition                 Fire           #.........   100%        8    #######
 Dragon's Call            Summ           #.........   100%        9    #######
 Shatter                  Erth           #.........   100%        9    #######
 Tornado                  Air            #.........   100%        9    #######


Dungeon Overview and Level Annotations

Branches:
Dungeon (15/15)            Temple (1/1) D:7            Lair (6/6) D:9
 Shoals (4/4) Lair:4        Snake (4/4) Lair:3        Slime (0/5) Lair:6
    Orc (2/2) D:9             Elf (3/3) Orc:2        Vaults (5/5) D:13
  Crypt (2/3) Vaults:2     Depths (5/5) D:15           Hell (visited)
    Dis (0/7) Hell            Geh (0/7) Hell            Coc (0/7) Hell
    Tar (0/7) Hell            Zot (0/5) Depths:5     Bailey (visited)

Altars:
Ashenzari
Cheibriados
Dithmenos
Elyvilon
Fedhas
Gozag
Hepliaklqana
Kikubaaqudgha
Makhleb
Nemelex Xobeh
Okawaru
Qazlal
Ru
Sif Muna
Trog
Uskayaw
Vehumet
Wu Jian
Xom
Yredelemnul
Zin
The Shining One
Lugonu

Shops:
D:9 ((   D:13 (=**   Orc:1 *%!=   Orc:2 }=%:   Elf:2 ?   Shoals:1 [
Shoals:3 %   Snake:3 *   Vaults:4 :   Depths:1 =

Portals:
Hell: Depths:1 Depths:2 Depths:3 Depths:4 Depths:5
Abyss: Depths:4
Pandemonium: Depths:3 Depths:5
Ziggurat: Depths:4


Innate Abilities, Weirdness & Mutations

You are small and have problems with some larger weapons.
You are somewhat resistant to further mutation.


Message History

The vampire knight draws life force from you and is healed!
The phantasmal warrior hits you but does no damage.
The vampire knight hits you with a +3 dire flail of protection!!
* * * LOW HITPOINT WARNING * * *
The vampire knight bites you but does no damage.
The phantasmal warrior hits you.
* * * LOW HITPOINT WARNING * * *
The phantasmal warrior hits you.
* * * LOW HITPOINT WARNING * * *
The swamp dragon zombie bites you but does no damage.
The swamp dragon zombie claws you.
* * * LOW HITPOINT WARNING * * *
The swamp dragon zombie tramples you but does no damage.
The vampire knight hits you with a +3 dire flail of protection!
* * * LOW HITPOINT WARNING * * *
The vampire knight bites you but does no damage.
The phantasmal warrior hits you!!
* * * LOW HITPOINT WARNING * * *
The phantasmal warrior hits you!!
You die...

#.......# #... #.......#
#### .......# ......
#### #'''#########... .
#.(.##......'... ...##
#...##......'...
(.....###........##.##..
#(..VV@W......#.#8.8#..
#.(((VWZ......#........
#......W......#.#8.8#..
##'''###'''####.##.####
..... ......# #....#
'............# #...##
'...) .......# #...# #
'.... ......# #...# ##
#...####.


You could see a vampire knight (fast, invisible), 2 jiangshi, 3 phantasmal
warriors and a swamp dragon zombie.

Vanquished Creatures
  An ancient lich (Vaults:5)
  Mara (Snake:3)
  A juggernaut (Depths:3)
  Boris (thrice) (Vaults:3 Vaults:4 Depths:4)
  Frederick (Vaults:3)
  Bai Suzhen (Depths:3)
  Vashnia (Snake:4)
  Saint Roka (Vaults:2)
  Geryon (Hell)
  Jory (Vaults:2)
  4 golden dragons
  Nikola (Shoals:1)
  A bone dragon (Depths:5)
  12 tentacled monstrosities
  2 shard shrike zombies
  5 titans (Vaults:5)
  3 quicksilver dragons (Vaults:5)
  Asterion (Snake:4)
  3 krakens
  5 liches
  4 deep elf master archers (Elf:3)
  Frances (Shoals:1)
  3 deep elf blademasters
  6 sphinxes
  3 ancient champions
  Gastronok (D:9)
  5 storm dragons
  2 tentacled starspawn (Abyss:2)
  Donald (Shoals:4)
  Agnes (Snake:3)
  6 nagarajas (Snake:4)
  A shadow dragon (shapeshifter) (Depths:1)
  7 shadow dragons
  10 tengu reavers
  3 revenants
  5 iron dragons
  14 fire giants
  14 frost giants
  A cacodemon (Depths:5)
  28 vault wardens
  7 deep elf sorcerers
  A draconian scorcher (Depths:5)
  A curse skull (Crypt:1)
  An orc warlord (Vaults:5)
  A juggernaut zombie (Crypt:2)
  The ghost of Quickbrownfox the Frost Mage, an adept GrIE of Makhleb (Shoals:3)
  16 ironheart preservers
  8 deep elf elementalists
  2 draconian stormcallers (Depths:5)
  2 war gargoyles
  6 reapers
  2 spriggan defenders
  7 ghouls
  14 very ugly things
  17 stone giants
  2 entropy weavers
  5 vampire knights
  A lorocyproca (Hell)
  7 deep elf demonologists
  3 purple draconians (Depths:5)
  10 deep elf annihilators
  A white draconian (Depths:5)
  Azrael (D:14)
  12 ettins
  3 eidola
  A spark wasp (Depths:4)
  A blizzard demon (Depths:3)
  8 merfolk javelineers
  10 deep elf death magi
  A green death (Hell)
  8 merfolk impalers
  10 jiangshi
  Snorg (D:14)
  A kraken zombie (Hell)
  29 yaktaur captains
  11 fire dragons
  7 great orbs of eyes
  3 spriggan air magi
  7 rakshasas
  6 deep elf high priests
  6 naga warriors
  Erolcha (D:11)
  47 vault guards
  A quicksilver dragon skeleton (Crypt:2)
  3 hydras
  7 ice dragons
  2 alligator snapping turtles (Shoals:3)
  10 centaur warriors
  4 catoblepae
  55 two-headed ogres
  6 merfolk aquamancers
  Erica (D:9)
  A satyr (Shoals:4)
  3 death knights
  7 anacondas
  6 merfolk avatars
  22 dancing weapons
  A tengu warrior (Depths:2)
  16 ogre magi
  7 deep troll shamans
  17 death yaks
  A queen ant (Lair:5)
  21 naga sharpshooters
  A thrashing horror (Abyss:2)
  8 deep troll earth magi
  2 spriggan berserkers
  Sonja (Lair:2)
  Nergalle (Lair:2)
  10 hell knights
  6 vampire magi
  Urug (Lair:3)
  4 shock serpents
  4 soul eaters (Hell)
  22 deep elf knights
  A wretched star (Abyss:2)
  2 sixfirhies (Abyss:2)
  A salamander mystic (Snake:1)
  An anaconda zombie (Hell)
  10 shadow wraiths
  A titan skeleton (Crypt:2)
  3 iron trolls
  25 skeletal warriors
  A death drake (shapeshifter) (Vaults:3)
  2 glowing orange brains
  A golden dragon zombie (Hell)
  A spark wasp zombie (Crypt:1)
  25 deep trolls
  An unseen horror (shapeshifter) (Depths:3)
  A quicksilver dragon simulacrum (Crypt:2)
  14 sea snakes
  An unseen horror (D:14)
  A kraken simulacrum (Shoals:4)
  An infernal demonspawn (Depths:3)
  3 flayed ghosts
  A shadow dragon zombie (Hell)
  2 starcursed masses (Abyss:2)
  6 phantasmal warriors
  24 ironbrand convokers
  5 naga ritualists
  4 wizards
  A lindwurm (Lair:4)
  25 deep elf archers
  A golden dragon skeleton (Crypt:1)
  13 orc knights
  A lindwurm (shapeshifter) (Vaults:1)
  2 anaconda skeletons
  5 necromancers
  18 harpies
  An orb spider (shapeshifter) (Vaults:2)
  13 manticores
  9 salamanders
  74 deep elf magi
  A harpy (shapeshifter) (Depths:5)
  6 mana vipers
  4 wolf spiders
  6 fauns
  7 orc sorcerers
  2 worldbinders (Vaults:2)
  2 moths of wrath (Shoals:3)
  A fire giant zombie (Crypt:2)
  Maurice (D:10)
  9 cyclopes
  31 black mambas
  3 large abominations (Abyss:2)
  35 ugly things
  Joseph (D:7)
  7 elephants
  20 naga magi
  25 vault sentinels
  3 merfolk sirens
  An ice statue (Hell)
  9 centaur skeletons
  Psyche (D:9)
  2 guardian serpents (Snake:3)
  A centaur zombie (D:11)
  2 smoke demons
  A black mamba (shapeshifter) (Elf:1)
  2 rust devils
  14 water nymphs
  An elephant slug zombie (Crypt:2)
  A storm dragon simulacrum (Crypt:2)
  A frost giant skeleton (Vaults:3)
  3 orange demons
  A water nymph (shapeshifter) (Depths:3)
  A shock serpent skeleton (Crypt:2)
  3 gargoyles
  A human zombie (Vaults:3)
  6 komodo dragons
  7 spiny frogs
  Maggie (D:6)
  A catoblepas zombie (Abyss:2)
  84 yaktaurs
  A tormentor (Hell)
  A rime drake (Lair:5)
  26 freezing wraiths
  A black draconian skeleton (Crypt:1)
  2 red devils (Hell)
  5 tengu conjurers
  A polar bear (shapeshifter) (Vaults:4)
  A polar bear (Lair:4)
  15 trolls
  A hellwing (Depths:3)
  31 merfolk
  A hydra zombie (Hell)
  2 queen bees
  A troll (shapeshifter) (Vaults:4)
  2 wolf spider simulacra (Crypt:2)
  6 meliai
  2 hydra skeletons (Hell)
  5 wind drakes
  A wind drake (shapeshifter) (Depths:4)
  A jumping spider (shapeshifter) (Depths:1)
  An ettin zombie (Hell)
  2 hornets
  10 hippogriffs
  5 raiju
  23 slime creatures
  4 dream sheep (Shoals:3)
  A frost giant simulacrum (Vaults:3)
  A bog body (Crypt:2)
  A shock serpent simulacrum (Abyss:2)
  5 flying skulls
  17 blink frogs
  A guardian serpent skeleton (Crypt:1)
  10 snapping turtles
  A spriggan (shapeshifter) (Vaults:1)
  2 ynoxinuls (Abyss:2)
  3 shadows
  4 air elementals
  An ettin skeleton (Vaults:3)
  3 wyverns
  A dire elephant simulacrum (Crypt:2)
  A human (D:10)
  2 humans (shapeshifter)
  24 water elementals
  11 wraiths
  8 fire elementals
  2 basilisks
  A neqoxec (Abyss:2)
  64 yaks
  2 human simulacra
  3 golden eyes
  An emperor scorpion simulacrum (Crypt:2)
  A hungry ghost (D:9)
  A chaos spawn (Abyss:2)
  27 soldier ants
  7 wargs
  An acid dragon (Vaults:2)
  50 nagas
  14 water moccasins
  2 small abominations (Abyss:2)
  A soldier ant (shapeshifter) (Vaults:1)
  A deep troll zombie (Crypt:2)
  A two-headed ogre zombie (D:9)
  A water nymph skeleton (Crypt:2)
  7 hell hounds
  7 porcupines
  A floating eye (Vaults:1)
  A black bear (shapeshifter) (Depths:4)
  2 phantoms
  3 sky beasts
  A swamp dragon zombie (Crypt:2)
  A hornet zombie (D:11)
  A spiny frog skeleton (Hell)
  2 alligator simulacra
  4 ice beasts
  3 black bears
  5 boggarts (Vaults:2)
  54 ogres
  A fire dragon simulacrum (Crypt:2)
  35 orc warriors
  2 ice dragon simulacra
  6 wolves
  22 centaurs
  20 crocodiles
  5 necrophages
  A torpor snail zombie (Crypt:1)
  A rime drake skeleton (Crypt:2)
  A yaktaur zombie (Crypt:1)
  A big kobold (D:6)
  12 bullfrogs
  2 gnoll sergeants
  An elf zombie (Abyss:2)
  2 wyvern zombies (D:11)
  3 earth elementals
  A spiny frog simulacrum (Crypt:2)
  A water moccasin zombie (D:5)
  7 scorpions
  A troll zombie (D:9)
  60 killer bees
  2 snapping turtle simulacra (Crypt:2)
  A warg skeleton (Crypt:1)
  23 wights
  A manticore simulacrum (Crypt:2)
  6 electric eels (Lair:3)
  2 howler monkeys
  8 crimson imps
  An elf simulacrum (Crypt:2)
  2 quasits
  A bullfrog zombie (D:10)
  3 jellies
  4 bullfrog skeletons
  13 orc priests
  Crazy Yiuf (D:7)
  12 hounds
  An iron imp (Abyss:2)
  16 orc wizards
  7 iguanas
  25 worker ants
  6 ogre zombies (D:9)
  An acid dragon skeleton (Crypt:1)
  2 hound skeletons
  A worker ant zombie (D:10)
  19 gnolls
  A swamp drake zombie (Crypt:2)
  10 adders
  A river rat (Lair:4)
  A shadow imp (D:9)
  A white imp (Depths:5)
  An ooze (D:2)
  A worm zombie (Crypt:1)
  An adder zombie (D:8)
  3 worms
  2 leopard geckos
  84 orcs
  3 bats
  5 giant cockroaches
  10 goblins
  A goblin (shapeshifter) (Vaults:5)
  A hobgoblin (D:1)
  12 jackals
  20 kobolds
  5 quokkas
  2 ball pythons
  4 frilled lizards
  A giant cockroach zombie (Crypt:2)
  3 goblin zombies (D:9)
  A kobold simulacrum (Crypt:2)
  2 orc skeletons (D:9)
  21 orc zombies
  7 rats
  A river rat skeleton (Crypt:1)
  2 fungi (Lair:6)
  A plant (D:9)
  9 tentacles
2394 creatures vanquished.

Vanquished Creatures (others)
  A vault warden (Vaults:5)
  A merfolk aquamancer (Shoals:2)
  3 deep elf knights (Elf:1)
  A phantasmal warrior (Vaults:3)
  A deep elf mage (Elf:1)
  A manticore (Shoals:1)
  An eye of draining (D:14)
  2 orcs (Orc:2)
  A quokka (D:6)
  10 fungi
  35 plants
  2 starspawn tentacles (Abyss:2)
  29 tentacles
88 creatures vanquished.

Grand Total: 2482 creatures vanquished

Notes
Turn   | Place    | Note
-------+----------+-------------------------------------------
     0 | D:1      | Ijustatesigmund the Halfling Hunter began the quest for the
                  | Orb.
     0 | D:1      | Reached XP level 1. HP: 14/14 MP: 1/1
   271 | D:1      | Reached XP level 2. HP: 19/19 MP: 2/2
   724 | D:2      | Reached XP level 3. HP: 21/24 MP: 3/3
   926 | D:2      | Reached XP level 4. HP: 30/30 MP: 4/4
  1124 | D:3      | Reached XP level 5. HP: 36/36 MP: 5/5
  1346 | D:3      | Found a stormy altar of Qazlal.
  1435 | D:3      | Found a shimmering altar of Xom.
  1438 | D:3      | Found a snail-covered altar of Cheibriados.
  1438 | D:3      | Found a burning altar of Makhleb.
  1442 | D:3      | Found a shadowy altar of Dithmenos.
  1442 | D:3      | Found a hazy altar of Hepliaklqana.
  1442 | D:3      | Found a burning altar of Makhleb.
  1525 | D:4      | Noticed an ogre
  1529 | D:4      | Killed an ogre
  1529 | D:4      | Reached XP level 6. HP: 42/42 MP: 6/6
  1871 | D:4      | Found a hazy altar of Hepliaklqana.
  1903 | D:4      | You fall into a shaft and drop 1 floor!
  1903 | D:5      | Entered Level 5 of the Dungeon
  1931 | D:5      | Reached skill level 1 in Short Blades
  2154 | D:5      | Noticed an ice beast
  2165 | D:5      | Killed an ice beast
  2171 | D:5      | Reached XP level 7. HP: 47/47 MP: 7/7
  2440 | D:5      | Found an ornate altar of the Wu Jian Council.
  2494 | D:5      | Reached XP level 8. HP: 54/54 MP: 8/8
  2978 | D:6      | Reached skill level 5 in Fighting
  3011 | D:6      | Reached skill level 5 in Short Blades
  3154 | D:6      | Identified a scroll of acquirement
  3154 | D:6      | Acquired 3710 gold pieces
  3172 | D:6      | Found a white marble altar of Elyvilon.
  3274 | D:6      | Reached skill level 10 in Slings
  3275 | D:6      | Found a burning altar of Makhleb.
  3330 | D:6      | Reached XP level 9. HP: 62/62 MP: 9/9
  3527 | D:6      | Found a sacrificial altar of Ru.
  3847 | D:7      | Noticed Maggie
  3866 | D:6      | Killed Maggie
  3906 | D:7      | Reached skill level 1 in Armour
  4050 | D:7      | Noticed Joseph
  4069 | D:7      | Killed Joseph
  4069 | D:7      | Reached skill level 5 in Dodging
  4141 | D:7      | Found a shattered altar of Ashenzari.
  4383 | D:7      | Found a shadowy altar of Dithmenos.
  4457 | D:7      | Found a runed translucent door.
  4458 | D:7      | Noticed Crazy Yiuf
  4463 | D:7      | Killed Crazy Yiuf
  4500 | D:7      | Reached XP level 10. HP: 69/69 MP: 10/10
  4619 | D:7      | Found an iron altar of Okawaru.
  4714 | D:7      | Reached skill level 5 in Armour
  4817 | D:7      | Found a radiant altar of Vehumet.
  4817 | D:7      | Found a shimmering altar of Xom.
  4948 | D:7      | Found a staircase to the Ecumenical Temple.
  5021 | Temple   | Entered the Ecumenical Temple
  5194 | D:8      | Found a hide-covered altar of Uskayaw.
  5391 | D:8      | Found a shimmering blue altar of Sif Muna.
  6160 | D:9      | Found a staircase to the Orcish Mines.
  6257 | D:9      | Reached XP level 11. HP: 74/74 MP: 11/11
  6267 | D:9      | Noticed Gastronok
  6297 | D:9      | Killed Gastronok
  6297 | D:9      | Reached skill level 10 in Dodging
  6314 | D:9      | Noticed Psyche
  6504 | D:9      | Found a staircase to the Lair.
  6534 | D:9      | Killed Psyche
  6685 | D:9      | Found Vishryime's Weapon Emporium.
  6718 | D:9      | Noticed Erica
  6745 | D:9      | Killed Erica
  7197 | D:9      | Found an opulent altar of Gozag.
  7276 | D:9      | Found Nitydavy's Weapon Shoppe.
  7280 | D:9      | Bought the +6 short sword of the Big Bang {vorpal, Str+4}
                  | for 698 gold pieces
  7308 | D:10     | Entered Level 10 of the Dungeon
  7707 | D:10     | Noticed Maurice
  7753 | D:10     | Killed Maurice
  7753 | D:10     | Reached skill level 1 in Evocations
  7931 | D:10     | Reached XP level 12. HP: 80/80 MP: 13/13
  8846 | D:11     | Noticed Erolcha
  8854 | D:11     | Killed Erolcha
  8854 | D:11     | Reached skill level 10 in Armour
  9127 | D:12     | Found a flagged portal.
  9139 | D:12     | Reached skill level 1 in Shields
  9219 | Bailey   | Entered a bailey
  9864 | D:12     | Noticed a two-headed ogre
  9878 | D:12     | Killed a two-headed ogre
  9983 | D:12     | Reached skill level 5 in Shields
 10146 | D:12     | Noticed a two-headed ogre
 10154 | D:12     | Killed a two-headed ogre
 10195 | D:12     | Acquired 2030 gold pieces
 10199 | D:12     | Acquired the +8 fustibalus of Severance {vorpal, Str+5}
 10503 | D:12     | Reached XP level 13. HP: 88/88 MP: 15/15
 10553 | D:13     | Noticed a centaur warrior
 10559 | D:13     | Killed a centaur warrior
 10649 | D:13     | Found Cofep's Antique Weapon Emporium.
 10665 | D:13     | Bought a crystal short sword for 192 gold pieces
 10665 | D:13     | Identified the +8 short sword of the Twisting Viper {speed,
                  | +Rage MR+ Int-2} (You bought it in a shop on level 13 of
                  | the Dungeon)
 10694 | D:13     | Found Noronimn's Jewellery Shoppe.
 10705 | D:13     | Noticed a vault guard
 10705 | D:13     | Noticed a vault guard
 10716 | D:13     | Bought the ring of Lyadd {MP+9 Int+4 SInv Stlth+} for 636
                  | gold pieces
 10717 | D:13     | Bought a cursed +6 ring of strength for 832 gold pieces
 10774 | D:13     | Noticed a vault guard
 10775 | D:13     | Noticed a vault guard
 10777 | D:13     | Noticed a vault guard
 10778 | D:13     | Noticed a vault guard
 10782 | D:13     | Noticed a vault guard
 10784 | D:13     | Killed a vault guard
 10795 | D:13     | Killed a vault guard
 10814 | D:13     | Killed a vault guard
 10815 | D:13     | Killed a vault guard
 10818 | D:13     | Killed a vault guard
 10819 | D:13     | Killed a vault guard
 10819 | D:13     | Reached skill level 10 in Short Blades
 10831 | D:13     | Killed a vault guard
 10849 | D:13     | Noticed a vault guard
 10895 | D:13     | Found a gate to the Vaults.
 10927 | D:13     | Reached skill level 15 in Slings
 10953 | D:13     | Noticed a centaur warrior
 10957 | D:13     | Killed a centaur warrior
 11014 | D:13     | Learned a level 1 spell: Apportation
 11036 | D:13     | Killed a vault guard
 11106 | D:13     | Reached skill level 1 in Translocations
 11148 | D:13     | Noticed a centaur warrior
 11156 | D:13     | Killed a centaur warrior
 11261 | D:13     | Found Suevim's General Store.
 11278 | D:13     | Bought the +5 ring mail of Fedhas's Scorn {rF+++ Int-3
                  | Dex+7} for 1032 gold pieces
 11383 | D:13     | Found Axuecreg's Assorted Antiques.
 11396 | D:13     | Bought a pair of warped gloves for 304 gold pieces
 11396 | D:13     | Bought a blackened opal ring for 160 gold pieces
 11405 | D:13     | Identified the +1 pair of gloves of Turaezi {Str+4} (You
                  | bought it in a shop on level 13 of the Dungeon)
 11741 | Temple   | Became a worshipper of Cheibriados the Contemplative
 11862 | Lair:1   | Entered Level 1 of the Lair of Beasts
 12132 | Lair:1   | Reached skill level 1 in Invocations
 12293 | Lair:1   | Reached XP level 14. HP: 95/95 MP: 16/16
 12537 | Lair:2   | Noticed Nergalle
 12557 | Lair:2   | Killed Nergalle
 12631 | Lair:2   | Reached skill level 2 in Invocations
 12770 | Lair:2   | Noticed Sonja
 12778 | Lair:2   | Killed Sonja
 12778 | Lair:2   | Reached * piety under Cheibriados
 13115 | Lair:2   | Reached skill level 3 in Invocations
 13284 | Lair:3   | Found a staircase to the Snake Pit.
 13387 | Lair:3   | Noticed Urug
 13397 | Lair:3   | Killed Urug
 13674 | Lair:3   | Reached ** piety under Cheibriados
 14276 | Lair:4   | Reached skill level 4 in Invocations
 14283 | Lair:4   | Reached skill level 5 in Translocations
 14366 | Lair:4   | Found a staircase to the Shoals.
 14581 | Lair:4   | Reached *** piety under Cheibriados
 14593 | Lair:4   | Gained mutation: You occasionally shout uncontrollably at
                  | your foes. [potion of mutation]
 14593 | Lair:4   | Gained mutation: Your spells are a little easier to cast,
                  | but a little less powerful. [potion of mutation]
 14593 | Lair:4   | Gained mutation: You have large cloven feet. [potion of
                  | mutation]
 14676 | Lair:4   | Reached skill level 5 in Invocations
 14755 | Lair:4   | Reached **** piety under Cheibriados
 14956 | Lair:4   | Reached ***** piety under Cheibriados
 15778 | Lair:5   | Reached XP level 15. HP: 98/103 MP: 19/19
 15784 | Lair:5   | Reached skill level 6 in Invocations
 16111 | Lair:5   | Found a shimmering altar of Xom.
 16454 | Lair:6   | Entered Level 6 of the Lair of Beasts
 16830 | Lair:6   | Reached skill level 7 in Invocations
 17395 | Lair:6   | Found a staircase to the Slime Pits.
 17475 | Lair:6   | Reached ****** piety under Cheibriados
 17771 | Lair:6   | Reached skill level 8 in Invocations
 17917 | Lair:6   | Acquired the +0 pair of boots of an ice cave {rN++}
 18164 | Lair:6   | Reached XP level 16. HP: 82/109 MP: 18/22
 18579 | Orc:1    | Entered Level 1 of the Orcish Mines
 18614 | Orc:1    | Found Roemocap's General Store.
 18672 | Orc:1    | Bought a scroll of identify for 30 gold pieces
 18672 | Orc:1    | Bought a scroll of teleportation for 45 gold pieces
 18672 | Orc:1    | Bought a potion of heal wounds for 75 gold pieces
 18829 | Orc:2    | Entered Level 2 of the Orcish Mines
 18914 | Orc:2    | Reached skill level 9 in Invocations
 19246 | Orc:1    | Found Ynemniuwekh's Distillery.
 19246 | Orc:1    | Found Ceut's Jewellery Shop.
 19306 | Orc:1    | Found Tetacaif's Food Shop.
 19370 | Orc:1    | Bought a potion of curing for 36 gold pieces
 19370 | Orc:1    | Bought a potion of heal wounds for 60 gold pieces
 19370 | Orc:1    | Bought a potion of curing for 36 gold pieces
 19370 | Orc:1    | Bought a potion of might for 48 gold pieces
 19370 | Orc:1    | Bought 2 potions of might for 96 gold pieces
 19664 | Orc:2    | Found a staircase to the Elven Halls.
 19669 | Orc:2    | Found Romom's Jewellery Emporium.
 19820 | Orc:2    | Found Pimuj's Gadget Emporium.
 19823 | Orc:2    | Found Offin's Food Boutique.
 19832 | Orc:2    | Bought an uncursed amulet of regeneration for 330 gold
                  | pieces
 19832 | Orc:2    | Bought a +4 ring of protection for 396 gold pieces
 19834 | Orc:2    | Bought an uncursed ring of resist corrosion for 220 gold
                  | pieces
 19834 | Orc:2    | Bought an uncursed ring of protection from cold for 275
                  | gold pieces
 19866 | Orc:2    | Found Ylira Ryna's Book Shoppe.
 19874 | Orc:2    | Bought a book of Spatial Translocations for 910 gold pieces
 19877 | Orc:2    | Learned a level 2 spell: Blink
 20438 | D:14     | Reached skill level 10 in Invocations
 20513 | D:14     | Reached skill level 10 in Fighting
 20571 | D:14     | Noticed Snorg
 20579 | D:14     | Killed Snorg
 20965 | D:14     | Noticed Azrael
 20976 | D:14     | Killed Azrael
 21263 | D:15     | Entered Level 15 of the Dungeon
 21376 | D:15     | Identified Pegar's Papyrus of Curses and Companions
 21546 | D:15     | Found a staircase to the Depths.
 21551 | D:15     | Noticed a fire giant
 21561 | D:15     | Killed a fire giant
 21694 | D:15     | Got a slimy ring mail
 21705 | D:15     | Identified the +6 ring mail "Ciobbet" {rElec rPois} (You
                  | found it on level 15 of the Dungeon)
 21731 | D:15     | Reached XP level 17. HP: 116/116 MP: 24/24
 22204 | Snake:1  | Entered Level 1 of the Snake Pit
 22334 | Snake:1  | Found Ranot's Food Boutique.
 23008 | Snake:1  | Reached skill level 11 in Invocations
 24124 | Snake:3  | Reached skill level 5 in Stealth
 24186 | Snake:3  | Noticed Agnes
 24197 | Snake:3  | Noticed Mara
 24200 | Snake:3  | Killed Agnes
 24214 | Snake:3  | Noticed Ijustatesigmund's illusion
 24221 | Snake:3  | Noticed Ijustatesigmund's illusion
 24503 | Snake:3  | Lost mutation: You occasionally shout uncontrollably at
                  | your foes. [potion of mutation]
 24503 | Snake:3  | Lost mutation: Your spells are a little easier to cast, but
                  | a little less powerful. [potion of mutation]
 24503 | Snake:3  | Lost mutation: You have large cloven feet. [potion of
                  | mutation]
 24503 | Snake:3  | Gained mutation: Your flesh is heat resistant. (rF+)
                  | [potion of mutation]
 24578 | Snake:3  | Noticed Ijustatesigmund's illusion
 24590 | Snake:3  | Killed Mara
 24822 | Snake:3  | Found Leix's Assorted Antiques.
 24831 | Snake:3  | Bought a scroll of holy word for 277 gold pieces
 24831 | Snake:3  | Bought a smoking tin ring for 185 gold pieces
 24839 | Snake:3  | Identified the ring "Wucoosesch" {rElec rF+ Dex+3 SInv}
                  | (You bought it in a shop on level 3 of the Snake Pit)
 25081 | Snake:4  | Entered Level 4 of the Snake Pit
 25153 | Snake:4  | Reached XP level 18. HP: 124/124 MP: 26/26
 25169 | Snake:4  | Reached skill level 10 in Stealth
 25378 | Snake:4  | Noticed Vashnia
 25565 | Snake:4  | Noticed Asterion
 25588 | Snake:4  | Killed Asterion
 25982 | Snake:4  | Killed Vashnia
 26429 | Snake:4  | Got a serpentine rune of Zot
 27322 | Elf:1    | Entered Level 1 of the Elven Halls
 27329 | Elf:1    | Reached skill level 15 in Stealth
 27517 | Elf:1    | Reached XP level 19. HP: 129/129 MP: 27/27
 27615 | Elf:1    | Reached skill level 12 in Invocations
 28104 | Elf:1    | Identified the cursed +0 robe of Divine Compulsion {rPois
                  | rF+ Stlth+}
 28203 | Elf:1    | Identified the Almanac of Summoning
 28236 | Elf:1    | Acquired a manual of Dodging
 28722 | Elf:2    | Found a huge runed translucent gate.
 28722 | Elf:2    | Found a huge runed translucent gate.
 28722 | Elf:2    | Found a huge runed translucent gate.
 28722 | Elf:2    | Found a huge runed translucent gate.
 28727 | Elf:2    | Found a huge runed translucent gate.
 28765 | Elf:2    | Found Astroufih's Magic Scroll Shop.
 28770 | Elf:2    | Bought a scroll of identify for 38 gold pieces
 28770 | Elf:2    | Bought a scroll of identify for 38 gold pieces
 28770 | Elf:2    | Bought a scroll of teleportation for 57 gold pieces
 29203 | Elf:2    | Reached skill level 15 in Dodging
 29441 | Elf:2    | Noticed a deep elf blademaster
 29450 | Elf:2    | Killed a deep elf blademaster
 29770 | Elf:3    | Entered Level 3 of the Elven Halls
 30214 | Elf:3    | Reached XP level 20. HP: 115/136 MP: 29/29
 30508 | Elf:3    | Cast into level 2 of the Abyss (a deep elf demonologist)
 30929 | Elf:3    | Escaped the Abyss
 31038 | Elf:3    | Identified the +7 chain mail of Intuition {rElec rPois
                  | Str-4 Int+3}
 31075 | Elf:3    | Identified the -6 kite shield of Jupnuiso {rCorr}
 31129 | Elf:3    | Identified the amulet "Esauw" {Acrobat rN+++ Dex+7 Stlth-}
 31173 | Elf:3    | Identified the +7 scale mail "Sonil" {rN+ rCorr}
 31369 | Elf:3    | Identified the +1 robe "Acajiq" {+Blink rF+ rC+}
 31987 | Shoals:1 | Entered Level 1 of the Shoals
 32050 | Shoals:1 | Noticed Frances
 32060 | Shoals:1 | Killed Frances
 32060 | Shoals:1 | Reached XP level 21. HP: 142/142 MP: 30/30
 32125 | Shoals:1 | Found Bazukk's Antique Armour Boutique.
 32162 | Shoals:1 | Bought a pair of embroidered gloves for 270 gold pieces
 32564 | Shoals:1 | Noticed Nikola
 32581 | Shoals:1 | Killed Nikola
 33392 | Shoals:2 | Reached skill level 13 in Invocations
 33876 | Shoals:3 | Found a transporter.
 33887 | Shoals:3 | Noticed Quickbrownfox's ghost (adept GrIE)
 33898 | Shoals:3 | Found a transporter.
 33923 | Shoals:3 | Killed Quickbrownfox's ghost
 34030 | Shoals:3 | Identified the +1 cloak of Haahy {Str+5} (You found it on
                  | level 3 of the Shoals)
 34583 | Shoals:3 | Found Hisyoluu's Food Boutique.
 34689 | Shoals:3 | Found a stormy altar of Qazlal.
 34904 | Shoals:4 | Entered Level 4 of the Shoals
 35146 | Shoals:4 | Noticed Donald
 35166 | Shoals:4 | Killed Donald
 35895 | Shoals:4 | Reached XP level 22. HP: 150/150 MP: 32/32
 35901 | Shoals:4 | Reached skill level 14 in Invocations
 35913 | Shoals:4 | Reached skill level 15 in Armour
 36033 | Shoals:4 | Got a barnacled rune of Zot
 36346 | Vaults:1 | Entered Level 1 of the Vaults
 37708 | Vaults:1 | Noticed a golden dragon
 37739 | Vaults:1 | Killed a golden dragon
 37742 | Vaults:1 | Reached skill level 15 in Invocations
 37997 | Vaults:1 | Identified the +1 buckler of the Gate {rPois Dex+2}
 38435 | Vaults:2 | Reached XP level 23. HP: 155/155 MP: 34/34
 38579 | Vaults:2 | Noticed Saint Roka
 38626 | Vaults:2 | Killed Saint Roka
 38925 | Vaults:2 | Noticed Jory
 38955 | Vaults:2 | Killed Jory
 38989 | Vaults:2 | Learned a level 2 spell: Song of Slaying
 39007 | Vaults:2 | Reached skill level 1 in Charms
 39018 | Vaults:2 | Reached skill level 16 in Invocations
 39235 | Vaults:2 | Identified Cixudehi's Collected Works on Confrontation
 39450 | Vaults:2 | Identified the Tome of the Entourage
 39559 | Vaults:2 | Paralysed by a great orb of eyes for 6 turns
 39806 | Vaults:2 | Reached skill level 5 in Charms
 40158 | Vaults:2 | Identified the Handbook of the Oath
 40164 | Vaults:2 | Learned a level 3 spell: Portal Projectile
 40298 | Vaults:2 | Reached skill level 1 in Hexes
 40691 | Vaults:3 | Reached skill level 17 in Invocations
 40702 | Vaults:3 | Noticed Frederick
 40740 | Vaults:3 | Killed Frederick
 41124 | Vaults:3 | Reached XP level 24. HP: 162/162 MP: 21/35
 41751 | Vaults:3 | Noticed Boris
 41777 | Vaults:3 | Killed Boris
 41974 | Vaults:3 | Reached skill level 5 in Hexes
 42516 | Vaults:3 | Identified the Guide on the Shifting Rocks
 42937 | Vaults:4 | Reached skill level 18 in Invocations
 43309 | Vaults:4 | Noticed Boris
 43319 | Vaults:4 | Killed Boris
 43527 | Vaults:4 | Found Kybbeu's Book Boutique.
 44483 | Vaults:5 | Entered Level 5 of the Vaults
 44500 | Vaults:5 | Reached XP level 25. HP: 121/164 MP: 36/36
 44501 | Vaults:5 | Reached skill level 10 in Shields
 44503 | Vaults:5 | HP: 5/164 [titan/the air (11)]
 44509 | Vaults:5 | Noticed an ancient lich
 44675 | Vaults:5 | Reached skill level 19 in Invocations
 45084 | Vaults:5 | Identified Easy Rites and Rhymes
 45314 | Vaults:5 | Reached XP level 26. HP: 88/173 MP: 36/36
 45583 | Vaults:5 | Killed an ancient lich
 45729 | Vaults:5 | Reached skill level 20 in Invocations
 46148 | Vaults:5 | Identified the cursed +1 chain mail "Sain" {rElec rC+}
 46387 | Vaults:5 | Got a silver rune of Zot
 47103 | Depths:1 | Entered Level 1 of the Depths
 47239 | Depths:1 | Found Enuck's Jewellery Boutique.
 47340 | Depths:1 | Bought the ring of Poirom {*Corrode rF+ rC+ Str+3 Slay+3}
                  | for 993 gold pieces
 47703 | Depths:1 | Found a gateway to Hell.
 48180 | Depths:2 | Reached XP level 27. HP: 179/179 MP: 37/37
 48218 | Depths:2 | Reached skill level 5 in Evocations
 48838 | Depths:2 | Reached skill level 21 in Invocations
 49273 | Depths:2 | Found the +0 pair of fencer's gloves {Riposte Dex+3}
 49886 | Depths:3 | Noticed Bai Suzhen
 49907 | Depths:3 | Killed Bai Suzhen
 50385 | Depths:3 | Reached skill level 10 in Evocations
 50646 | Depths:3 | Reached skill level 22 in Invocations
 50809 | Depths:3 | Lost mutation: Your flesh is heat resistant. (rF+) [potion
                  | of mutation]
 51099 | Depths:3 | Noticed a juggernaut
 51121 | Depths:3 | Killed a juggernaut
 51385 | Depths:3 | Found a one-way gate leading to the halls of Pandemonium.
 51544 | Depths:4 | Noticed Boris
 51569 | Depths:4 | Killed Boris
 51887 | Depths:4 | Found a gateway to a ziggurat.
 52098 | Depths:4 | Reached skill level 15 in Short Blades
 52278 | Depths:4 | Identified the Papyrus of Combat Magic and the Birds
 52773 | Depths:4 | Found a one-way gate to the infinite horrors of the Abyss.
 52925 | Depths:5 | Entered Level 5 of the Depths
 53472 | Depths:5 | Found a gate to the Realm of Zot.
 54447 | Hell     | Entered the Vestibule of Hell
 54451 | Hell     | Noticed Geryon
 54471 | Hell     | Killed Geryon
 54771 | Hell     | Reached skill level 23 in Invocations
 54777 | Hell     | Found a gateway to the decaying netherworld of Tartarus.
 54961 | Hell     | Found a gateway to the ashen valley of Gehenna.
 55061 | Hell     | Found a gateway to the Iron City of Dis.
 55230 | Hell     | Found a gateway to the freezing wastes of Cocytus.
 55724 | Crypt:1  | Entered Level 1 of the Crypt
 58235 | Crypt:2  | Reached skill level 15 in Fighting
 58694 | Crypt:2  | Paralysed by a vampire knight for 6 turns
 58699 | Crypt:2  | HP: 1/186 [phantasmal warrior (19)]
 58699 | Crypt:2  | Annihilated by a phantasmal warrior

Illustrated notes

Levels and vault maps discovered:
D:1:      dpeg_arrival_rooms_c, layout_loops_ring
D:2:      layout_basic, first_ration
D:3:      layout_rooms, old_standard_altar, doesnt_xom_only_xom
D:4:      layout_cave_pools, kennysheep_mini
D:5:      layout_cave_pools, lemuel_coloured_pillars_altar
D:6:      layout_cave_pools, nicolae_ru_path_of_blood, elyvilon_altar_4,
          overflow_temple_1_default, minmay_tree_intersection,
          chequers_serial_rivers_small_b
D:7:      layout_basic, lemuel_doored_altar, grunt_dithmenos_smoke_and_mirrors,
          overflow_temple_1_default, gammafunk_temple_overflow_wave,
          temple_hall, uniq_joseph, uniq_maggie, uniq_crazy_yiuf_cottage
D:8:      layout_loops_ring, overflow_temple_1_default,
          eat_drink_and_be_merry_uskayaw
D:9:      layout_irregular_city, kennysheep_little_box, minmay_lair_entry_grove,
          zombieorc2_lemuel, serial_shops, shop, nicolae_shop_trees, uniq_erica,
          uniq_gastronok, uniq_psyche
D:10:     layout_cave_pools, hangedman_stone_soup, hangedman_decor_push,
          nicolae_straight_to_the_point, uniq_maurice
D:11:     layout_loops_ring, uniq_erolcha
D:12:     layout_long_grid, enter_bailey_2
D:13:     layout_rooms, erik_vaults_2, serial_shops, nicolae_shop_stone,
          shop_fountains, shop, shop_statue
D:14:     layout_loops_corners, nicolae_wwwww, minmay_sticks_and_stones,
          uniq_azrael, uniq_snorg
D:15:     grunt_enter_depths_giant_problem, layout_irregular_city,
          hangedman_decor_lopped
Temple:   corrupted_temple
Lair:1:   wander_river, layout_misc_corridors
Lair:2:   layout_chaotic_city, uniq_sonja, uniq_nergalle
Lair:3:   layout_misc_corridors, guppyfry_snake_entry_garden, serial_bayou,
          serial_bayou_shore_b, serial_bayou_pond_a, serial_bayou_ford_a,
          serial_bayou_shore_b, serial_bayou_shore_b, serial_bayou_lagoon_b,
          uniq_urug
Lair:4:   regret_index_combs_of_tragedy, layout_hall_layers,
          minmay_shoals_entry_beasts, grunt_megastairs_1
Lair:5:   layout_hall_layers, basic_altar
Lair:6:   evilmike_catoblepas_cave, layout_loops_ring, slime_dummy, special_room
          [special_room_bee], minivault_29, lemuel_fruit_tree
Shoals:1: layout_shoals, serial_shops, shop, uniq_nikola, uniq_frances
Shoals:2: layout_shoals, st_sunken_huts
Shoals:3: layout_shoals, gammafunk_ghost_berserking_beasts, serial_shops,
          nicolae_shop_temple_entry_statues_fountains,
          wheals_shoals_ruined_temple
Shoals:4: shoals_end_grunt_ice, layout_shoals, uniq_donald
Snake:1:  layout_onion_interference, serial_shops, nicolae_shop_crystal
Snake:2:  layout_onion
Snake:3:  nicolae_snake_nest, layout_rooms, serial_shops,
          nicolae_shop_competitors_out_of_business, eino_curves_03,
          st_stairs_13, nicolae_large_snake_swirl, uniq_agnes, uniq_mara
Snake:4:  minmay_snake_end_coiled, layout_chambers, drop_trap,
          serial_bayou_pond_e, uniq_vashnia, uniq_asterion
Orc:1:    layout_caves, serial_shops, shop, shop, nicolae_shop_trees, shop
Orc:2:    st_orc_open, layout_diamond_mine
Elf:1:    layout_geoelf_grid, minmay_elf_sorcery
Elf:2:    layout_gridlike, serial_shops, nicolae_shop_stone
Elf:3:    minmay_elf_hall_statues, layout_geoelf_diagonals, serial_sigils,
          serial_sigils_hangedman_carve, serial_sigils_hangedman_scratch,
          serial_sigils_hangedman_gut, serial_sigils_hangedman_scar
Vaults:1: v_misc_5, nicolae_vaults_big_angled_halls, nicolae_vaults_network_s,
          vaults_room_semicircle, v_misc_22, st_greater_box_4,
          nicolae_vaults_circle_grid_b, hangedman_vaults_capsules, v_misc_9,
          hangedman_vaults_cutoff, nicolae_vaults_mini_display_case, v_misc_19,
          grunt_vaults_hallway_short, layout_vaults_maze
Vaults:2: hangedman_vaults_hard_town_square, ontoclasm_vaults_twist,
          minmay_crypt_entry_simple_sparse, grunt_vaults_focal,
          hangedman_vaults_locks, v_rooms_5, vaults_room_corners,
          nicolae_vaults_little_squares_2, hangedman_vaults_nodes,
          vaults_room_pools, vaults_mumra_hex, vaults_room_pool,
          ontoclasm_vaults_ring_square, layout_vaults_omnicross,
          serial_hangedman_research, hangedman_research_probablistics,
          hangedman_research_convocations, uniq_jory, uniq_saint_roka
Vaults:3: v_rooms_2, v_misc_18, nicolae_vaults_minivaults, v_misc_8,
          nicolae_vaults_circle_grid_a, ontoclasm_vaults_eye,
          layout_vaults_omnigrid, uniq_frederick, uniq_boris
Vaults:4: nicolae_vaults_little_squares_1, nicolae_vaults_ring_of_whatevers,
          v_misc_30, vaults_room_hallway, hangedman_vaults_impose, v_misc_10,
          nicolae_vaults_what_the_h, ontoclasm_vaults_chip, vaults_dpeg_hooks,
          vaults_room_hallway, layout_vaults_big_room, serial_shops, shop
Vaults:5
Crypt:1:  layout_catacombs, uniq_margery
Crypt:2:  layout_gridlike, small_statue_intersection, st_chilly_death
Depths:1: layout_cave_pools, hangedman_abyss_or_decor_lesser_grid, serial_shops,
          shop, hell_entry, minivault_1
Depths:2: hourglass_vault, layout_cave_pools, hell_entry,
          minmay_misc_feat_encased
Depths:3: lemuel_traditional_vault, layout_gridlike,
          ebering_dispersal_statue_hall, hell_entry, rand_demon_pan_entry_4,
          kennysheep_generic_room_11, uniq_bai_suzhen
Depths:4: minmay_three_patterns, layout_cave_pools, enter_ziggurat_b,
          minmay_misc_feat_columns, abyss_entry_crystal, hell_entry
Depths:5: evilmike_zot_entry_round, layout_basic, nicolae_benzene_ring,
          hangedman_coc_ice_floe, pan_entry, serial_bayou,
          serial_bayou_lagoon_a, serial_bayou_pond_c, serial_bayou_shore_a,
          serial_bayou_pond_d, minmay_misc_feat_square
Hell

Skill      XL: |  1  2  3  4  5  6  7  8  9 10 11 12 13 14 15 16 17 18 19 20 21 22 23 24 25 26 27 |
---------------+----------------------------------------------------------------------------------+-----
Slings         | 6 7 8 9 10 11 13 15 16 17 18 20 | 20.9
Fighting       | 2 3 4 5 6 8 9 10 11 12 15 | 15.1
Dodging        | 3 4 5 9 10 12 17 20 21 22 | 22.2
Short Blades   | 2 4 5 7 10 12 13 14 17 | 17.7
Armour         | 4 7 9 10 11 12 14 17 18 19 20 | 20.1
Stealth        | 4 9 15 | 15.2
Evocations     | 2 3 4 10 | 10.6
Shields        | 6 9 11 13 | 13.3
Translocations | 3 6 |  6.4
Invocations    | 1 5 8 10 11 12 13 15 17 18 19 20 23 | 23.7
Charms         | 5 |  5.8
Hexes          | 3 7 |  7.1

Action                   |  1- 3 |  4- 6 |  7- 9 | 10-12 | 13-15 | 16-18 | 19-21 | 22-24 | 25-27 || total
-------------------------+-------+-------+-------+-------+-------+-------+-------+-------+-------++-------
Melee: Short sword       |     8 |       |       |     8 |    30 |       |       |       |       ||    46
       Rapier            |       |       |       |    35 |       |    11 |       |    50 |     5 ||   101
       Fustibalus        |       |       |       |       |       |       |       |     1 |     1 ||     2
 Fire: Hunting sling     |    39 |    77 |   306 |   939 |       |       |       |       |       ||  1361
       Fustibalus        |       |       |       |    29 |  1030 |  1310 |  1670 |  1766 |  3165 ||  8970
 Cast: Apportation       |       |       |       |       |       |     2 |     2 |     5 |     5 ||    14
       Blink             |       |       |       |       |       |       |     3 |     5 |     5 ||    13
       Song of Slaying   |       |       |       |       |       |       |       |     9 |     9 ||    18
       Portal Projectile |       |       |       |       |       |       |       |     1 |     4 ||     5
Invok: Slouch            |       |       |       |       |     3 |     2 |     5 |     3 |     6 ||    19
       Step From Time    |       |       |       |       |       |       |       |       |     1 ||     1
 Abil: Stop Flying       |       |       |       |     1 |       |       |       |       |       ||     1
       Evoke Flight      |       |       |       |     1 |       |       |       |       |       ||     1
       Evoke Berserk Rag |       |       |       |       |     1 |       |       |       |       ||     1
Evoke: Wand              |       |       |       |       |    11 |     7 |     4 |    12 |     4 ||    38
  Use: Scroll            |     9 |     4 |     5 |    11 |     7 |    12 |    15 |     7 |    15 ||    85
       Potion            |       |       |     1 |     3 |     1 |     4 |     2 |     8 |     7 ||    26
  Eat: Chunk             |       |     4 |     6 |    18 |    17 |     6 |     7 |    11 |     7 ||    76
       Ration            |       |       |       |       |       |     3 |     2 |     3 |     4 ||    12
Armor: Leather armour    |     1 |     4 |     5 |       |       |       |       |       |       ||    10
       Steam dragon scal |       |       |       |    61 |     5 |       |       |       |       ||    66
       Ring mail         |       |       |       |       |    83 |    90 |    63 |    99 |   205 ||   540
Dodge: Dodged            |     8 |    13 |    37 |   248 |   644 |   421 |   502 |   700 |  1661 ||  4234
       Repelled          |       |       |       |       |       |       |    17 |    29 |    26 ||    72
Block: Buckler           |       |       |       |    15 |   421 |   335 |   382 |   587 |  1287 ||  3027
       Rpst.: Fustibalus |       |       |       |       |       |       |       |       |   144 ||   144
